 Dungeon Crawl Stone Soup version 0.22-a0-601-gb0ed703 (webtiles) character file.

124 nikopol the Firebug (level 4, -2/24 HPs)
             Began as a Deep Elf Fire Elementalist on July 6, 2018.
             Killed by divine providence
             ... invoked by an orc priest
              (13 damage)
             ... on level 3 of the Dungeon.
             The game lasted 00:06:02 (2024 turns).

nikopol the Firebug (Deep Elf Fire Elementalist)    Turns: 2024, Time: 00:06:02

Health: -2/24      AC:  2    Str:  5    XL:     4   Next: 81%
Magic:  7/12       EV: 13    Int: 21    God:
Gold:   86         SH:  0    Dex: 15    Spells: 2/11 levels left

rFire    . . .     SeeInvis .   (no weapon)
rCold    . . .     Gourm    .   (no shield)
rNeg     . . .     Faith    .   a - +0 robe
rPois    .         Spirit   .   (no helmet)
rElec    .         Reflect  .   (no cloak)
rCorr    .         Harm     .   (no gloves)
MR       .....                  (no boots)
Stlth    ++........             (no amulet)
HPRegen  0.08/turn              (no ring)
MPRegen  0.13/turn              (no ring)

@: no status effects
A: no striking features
a: no special abilities


You were on level 3 of the Dungeon.
You were not hungry.

You visited 1 branch of the dungeon, and saw 3 of its levels.

You collected 86 gold pieces.

Inventory:

Armour
 a - a +0 robe (worn)
Jewellery
 b - a cursed ring of loudness {unknown}
 h - an uncursed amulet of the gourmand {unknown}
Scrolls
 d - a scroll of blinking {unknown}
 e - a scroll of identify {unknown}
 g - a scroll of teleportation {unknown}
 l - a scroll of amnesia {unknown}
Potions
 f - a potion of flight {unknown}
 i - 2 potions of curing {unknown}
 k - a potion of resistance {unknown}
Comestibles
 c - 4 rations


   Skills:
 + Level 3.0 Dodging
 + Level 2.9 Stealth
 + Level 4.2 Spellcasting
 + Level 2.6 Conjurations
 + Level 4.4 Fire Magic


You had 2 spell levels left.
You knew the following spells:

 Your Spells              Type           Power        Failure   Level  Hunger
a - Flame Tongue          Conj/Fire      ###..        2%          1    None
b - Throw Flame           Conj/Fire      ###...       4%          2    #......
c - Conjure Flame         Conj/Fire      ###.....     9%          3    ###....
d - Inner Flame           Hex/Fire       ##......     14%         3    ###....

Your spell library contained the following spells:

 Spells                   Type           Power        Failure   Level  Hunger
 Fireball                 Conj/Fire      ###.......   58%         5    ######.
 Sticky Flame             Conj/Fire      ###.....     26%         4    ####...


Dungeon Overview and Level Annotations

Branches:
Dungeon (3/15)

Altars:


Message History

The ball python misses you. The ball python misses you.
The ball python grabs you. The ball python constricts you.
Cast which spell? (? or * to list)
Aiming: Flame Tongue (safe; 2% risk of failure)
Press: ? - help, Shift-Dir - straight line, f - ball python
Aim: a ball python (constricting you)
The flame tongue hits the ball python.
You kill the ball python!
Casting: Flame Tongue (safe; 2% risk of failure)
Confirm with . or Enter, or press ? or * to list all spells.
Aiming: Flame Tongue (safe; 2% risk of failure)
Press: ? - help, Shift-Dir - straight line, f - orc priest
Aim: an orc priest, wielding a club The flame tongue misses the orc priest.
The flame tongue hits the goblin.
You kill the goblin!
The orc priest invokes the aid of Beogh against you.
Beogh smites you!
Ouch! That really hurt!
You die...

..... ## #.... ..
##...##.# ....... ##
#..... ... #.... ..
#.#.##.# #..@...# #
###o#### #. #.†o# ..
#...# #o### #o..#
).. #...#
#)####.<.######
..##..o..........#
..o.†.o............#


You could see an orc priest, an orc wizard and an orc.

Vanquished Creatures
  Terence (D:2)
  2 adders (D:2)
  A shadow imp (D:2)
  3 oozes (D:1)
  2 worms (D:2)
  A dart slug (D:1)
  2 leopard geckos (D:2)
  2 orcs (D:3)
  2 ball pythons
  6 bats
  3 hobgoblins (D:1)
  4 jackals (D:2)
  4 kobolds
  A quokka (D:2)
  4 frilled lizards
  7 goblins
  5 rats
50 creatures vanquished.

Notes
Turn   | Place    | Note
-------+----------+-------------------------------------------
     0 | D:1      | nikopol the Deep Elf Fire Elementalist began the quest for the Orb.
     0 | D:1      | Reached XP level 1. HP: 10/10 MP: 6/6
    54 | D:1      | Reached XP level 2. HP: 9/15 MP: 1/8
   464 | D:1      | Reached XP level 3. HP: 19/19 MP: 7/10
  1141 | D:2      | Noticed Terence
  1234 | D:2      | Reached XP level 4. HP: 7/24 MP: 5/11
  1499 | D:2      | Learned a level 2 spell: Throw Flame
  1503 | D:2      | Learned a level 3 spell: Conjure Flame
  1507 | D:2      | Learned a level 3 spell: Inner Flame
  1704 | D:2      | Killed Terence
  2024 | D:3      | Killed from afar by an orc priest

Vault maps used:
D:1:      ebering_trefoil_3fold
D:2:      uniq_terence
D:3:      first_ration

Skill      XL: |  1  2  3  4 |
---------------+-------------+-----
Fire Magic     | 4 |  4.4
Dodging        | 3 |  3.0
Spellcasting   | 4 |  4.2
Conjurations   | 2 |  2.6
Stealth        | |  2.9

Action                   |  1- 3 |  4- 6 || total
-------------------------+-------+-------++-------
 Cast: Flame Tongue      |    59 |    40 ||    99
       Conjure Flame     |       |     1 ||     1
       Throw Flame       |       |     1 ||     1
  Eat: Chunk             |     1 |     2 ||     3
Armor: Robe              |     5 |     3 ||     8
Dodge: Dodged            |    20 |     8 ||    28

Table legend:
 A = Spawn XP
 B = Non-spawn XP
 C = Spawn XP percentage of total XP
 D = Spawn monster count
 E = Non-spawn monster count
 F = Spawn count percentage of total count
 G = Total turns spent on level
                    A         B        C        D         E        F      G
               +---------+---------+-------+---------+---------+-------+---------
         Total |       0 |     178 |   0.0 |       0 |      50 |   0.0 |  2024
               +---------+---------+-------+---------+---------+-------+---------
           D:1 |       0 |      43 |   0.0 |       0 |      16 |   0.0 |   945
           D:2 |       0 |     121 |   0.0 |       0 |      27 |   0.0 |  1036
           D:3 |       0 |      14 |   0.0 |       0 |       7 |   0.0 |    43
               +---------+---------+-------+---------+---------+-------+---------
